Map: New Repugnancy LE

Players

Starlord - Winner!

  • Race: Protoss Protoss
  • League: Master
  • Spawn Location: 7:00

Drakircon

  • Race: Zerg Zerg
  • League: Master
  • Spawn Location: 1:00

VOD

https://youtu.be/_35B9I9ow-g

Description

Filth

Time

  • Played on: July 29, 2019, 8:21 p.m.
  • Length: 5:31
Show
View Real Time Build Order
Export as new Build Order

Starlord Protoss - Winner!

Build Orders:  

Get SALT Encoding   

  12  0:01  Probe  
  13  0:15  Probe  
  13  0:18  Pylon  
  14  0:28  Probe  
  15  0:37  Probe  
  15  0:38  Gateway  
  16  0:45  Assimilator  
  16  0:46  Probe  
  16  0:57  Probe  
  18  1:09  Probe  
  19  1:17  Forge  
  19  1:21  Probe  
  20  1:26  Cybernetics Core  
  20  1:35  Pylon  
  20  1:38  Pylon  
  20  1:41  Probe  
  20  1:43  Pylon  
  21  1:55  Photon Cannon  
  21  1:58  Gateway  
  21  2:00  Stalker  
  21  2:02  Photon Cannon  
  23  2:17  Shield Battery  
  23  2:26  Stalker  
  23  2:30  Photon Cannon  
  25  2:46  Stalker  
  27  2:53  Pylon  
  27  3:08  Shield Battery  
  27  3:09  Stalker  
  29  3:18  Shield Battery x2  
  29  3:33  Stalker  
  31  3:37  Shield Battery  
  31  3:38  Shield Battery  
  31  3:47  Pylon  
  31  3:58  Stalker  
  33  4:03  Shield Battery  
  33  4:08  Shield Battery  
  33  4:19  Shield Battery  
  33  4:20  Shield Battery  
  33  4:35  Stalker  
  33  4:36  Probe  
  33  4:38  Shield Battery  
  36  4:43  Shield Battery x2  
  35  4:49  Stalker  
Show
View Real Time Build Order
Export as new Build Order

Drakircon Zerg 

Build Orders: Hatch First, Ravager All-In 

Get SALT Encoding   

  12  0:00  Drone  
  13  0:12  Overlord  
  13  0:17  Drone  
  14  0:30  Drone  
  14  0:31  Drone  
  16  0:48  Hatchery  
  15  0:51  Drone  
  16  1:05  Spawning Pool  
  16  1:09  Drone  
  16  1:11  Extractor  
  16  1:14  Drone  
  16  1:19  Drone  
  17  1:25  Drone  
  18  1:34  Drone  
  19  1:41  Drone  
  20  1:56  Extractor, Roach Warren  
  19  2:02  Overlord, Hatchery  
  19  2:07  Zergling x2  
  19  2:36  Queen, Roach x3  
  27  2:48  Overlord  
  27  2:57  Ravager x3  
  30  3:08  Roach  
  32  3:16  Roach  
  34  3:25  Roach  
  36  3:28  Ravager  
  36  3:32  Overlord  
  34  3:44  Overlord  
  34  3:45  Ravager  
  35  3:50  Ravager  
  36  3:59  Roach  
  36  4:00  Zergling x2, Roach  
  36  4:01  Zergling x4  
  40  4:21  Ravager  
  41  4:26  Ravager  
  39  4:33  Roach  
  38  4:47  Roach x3  
  38  4:48  Roach  
  38  5:00  Ravager  
Tags
 
Add a new tag
Caveats
  • Supply blocks, unpowered buildings, or Contaminate may cause inaccurate times.
  • Supply counts are checked every 10 seconds.